 Dungeon Crawl Stone Soup version 0.29.0-15-g675c0067aa (webtiles) character file.

Game seed: 3436965907350174360

112630 qw the Severer (level 16, -21/104 HPs)
             Began as a Gargoyle Fighter on Sept 12, 2022.
             Was a High Priest of Okawaru.
             Demolished by a tyrant leech (38 damage)
             ... called by a spriggan druid
             ... on level 1 of the Swamp.
             The game lasted 00:11:03 (27729 turns).

qw the Severer (Gargoyle Fighter)                  Turns: 27729, Time: 00:11:04

Health: -21/104    AC: 37    Str: 28    XL:     16   Next: 61%
Magic:  23/23      EV: 12    Int:  9    God:    Okawaru [*****.]
Gold:   936        SH: 16    Dex: 15    Spells: 15/15 levels left

rFire   + . .      SeeInvis +   Y - +3 broad axe (venom)
rCold   + . .      Faith    .   y - +1 kite shield {rF+}
rNeg    + . .      Spirit   .   o - +5 plate armour
rPois   inf        Reflect  .   s - +2 helmet
rElec   +          Harm     .   w - scarf {repulsion}
rCorr   .          Rampage  .   (no gloves)
Will    +....                   (no boots)
Stlth   ..........              C - amulet of Amorality {Acrobat Contam Slay+2 SInv Stlth+}
HPRegen 0.27/turn               a - +6 ring of dexterity
MPRegen 0.18/turn               b - ring of protection from cold

@: heroic, flying, repel missiles
A: sickness immunity, AC +12, big wings, negative energy resistance 1,
electricity resistance, torment resistance 1, petrification resistance
a: Renounce Religion, Heroism, Finesse, Duel


You were on level 1 of the Swamp.
You worshipped Okawaru.
Okawaru was extremely pleased with you.
You visited 4 branches of the dungeon, and saw 23 of its levels.

You collected 2908 gold pieces.
You spent 1972 gold pieces at shops.


Innate Abilities, Weirdness & Mutations

You are immune to sickness and miasma.
Your stone body is resilient. (AC +12)
You are immune to poison.
Your large and strong wings let you fly.
You resist negative energy. (rN+)
You are resistant to electric shocks. (rElec)
You are resistant to unholy torment.
You are immune to petrification.


   Skills:
 - Level 13.0(18.0) Fighting
 - Level 17.0(22.0) Axes
 - Level 7.0(12.0) Throwing
 - Level 11.0(16.0) Armour
 + Level 4.9(9.9) Dodging
 - Level 13.0(18.0) Shields
 - Level 10.0 Invocations


You had 15 spell levels left.
You didn't know any spells.
Your spell library was empty.

Inventory:

Hand Weapons
 m - a +0 morningstar
 Y - a +3 broad axe of venom (weapon)
Missiles
 k - a javelin
 v - 6 boomerangs
 B - 2 silver javelins (quivered)
 E - a silver boomerang
Armour
 i - a +0 cloak
 o - a +5 plate armour (worn)
 r - +0 acid dragon scales
 s - a +2 helmet (worn)
 w - a scarf of repulsion (worn)
 y - a +1 kite shield of fire resistance (worn)
Jewellery
 a - a +6 ring of dexterity (left hand)
 b - a ring of protection from cold (right hand)
 c - a ring of positive energy
 l - a ring of fire
 x - a ring of fire
 A - a ring of ice
 C - the amulet of Amorality (around neck) {Acrobat Contam Slay+2 SInv Stlth+}
   (You bought it in a shop on level 2 of the Orcish Mines)

   [amulet of the acrobat]

   It increases your evasion while moving and waiting.
   Slay:      It affects your accuracy & damage with ranged weapons and melee
   (+2).
   SInv:      It lets you see invisible.
   Contam:    It causes magical contamination when unequipped.
   Stlth:     It makes you more stealthy.
 D - an amulet of reflection
Scrolls
 g - 5 scrolls of blinking
 j - 7 scrolls of teleportation
 n - 12 scrolls of identify
Potions
 d - 3 potions of might
 e - 6 potions of curing
 f - 2 potions of lignification
 h - a potion of resistance
 p - a potion of mutation
 q - 2 potions of haste
 t - 2 potions of attraction
 u - 5 potions of magic

Dungeon Overview and Level Annotations

Branches:
Dungeon (15/15)            Temple (0/1) D:5            Lair (5/5) D:9
  Swamp (1/4) Lair:2        Snake (0/4) Lair:3        Slime (0/5) Lair:5
    Orc (2/2) D:9             Elf (0/3) Orc:2        Vaults (0/5) D:13
 Depths (0/4) D:15

Altars:
Ashenzari
Fedhas
Gozag
Hepliaklqana
Makhleb
Okawaru
Qazlal
Trog
Uskayaw
Vehumet
Xom
Yredelemnul
The Shining One
Lugonu

Shops:
D:1 *   D:14 [   D:15 (*(*   Orc:2 *:(=

Portals:
Abyss: Lair:5

Annotations:
D:3 3 runed translucent doors, qw's ghost, amateur GrFi
D:11 3 runed translucent doors, dangerrune1's ghost, journeyman GrEE
Orc:1 3 runed translucent doors, qw's ghost, journeyman MiBe


Message History

You kill the tyrant leech!
Okawaru accepts your kill. The goliath frog hits you from afar.
You are splashed with acid!
The goliath frog closely misses you.
The goliath frog hits you but does no damage.
You miss the goliath frog.
The goliath frog hits you but does no damage.
A swamp worm comes into view.
The goliath frog hits you but does no damage.
You miss the goliath frog. You slice the goliath frog!!
The goliath frog looks as sick as possible!
You block the goliath frog's attack.
You miss the goliath frog.
The goliath frog is heavily wounded.
You hit the goliath frog but do no damage.
The goliath frog hits you but does no damage.
The goliath frog completely misses you.
You hit the goliath frog but do no damage.
The goliath frog looks as sick as possible!
The goliath frog is severely wounded.
You slash the goliath frog!
The goliath frog is poisoned.
You block the goliath frog's attack.
You hit the goliath frog.
The goliath frog looks as sick as possible!
The goliath frog is severely wounded.
You miss the goliath frog. You block the goliath frog's attack.
The goliath frog hits you but does no damage.
You closely miss the goliath frog.
The goliath frog is almost dead.
You slash the goliath frog!
The goliath frog looks as sick as possible!
You block the goliath frog's attack. x2
You closely miss the goliath frog.
The goliath frog is almost dead.
You hit the tyrant leech but do no damage.
The tyrant leech is poisoned.
You closely miss the goliath frog. You block the goliath frog's attack.
The goliath frog hits you!
You are splashed with acid.
The tyrant leech bites you!!!
You die...

7~~.....~~¤.¤7
77~...~.~.~..7 77~.~
7~~.....¤....77~.7.~
77~%.~7....~~.7......
7~~~7777..~~~.......~
77...7 777....)¤¤...~
777~.77 77.~~~¤~~..~
777~~~77 7...^F~¤.¤7
~~~~~.7 7~~7@..777
.~~~.77 77~w7F.7
....77 7~.)~.~7
7¤.~7... 7w....~7
777~~.~~ >~.....~.(
7~....~.7 ..~..77....
..~~~7777 ...~~.7
7.¤~. ...~77 ~~?.~~7~
.~~~ ~~~77 .~~......
~~


You could see a tyrant leech (strong, very poisoned), 2 goliath frogs and a
swamp worm.

Vanquished Creatures
  Gastronok (Lair:2)
  An orc warlord (Orc:2)
  2 vault guards (D:13)
  Fannar (Orc:1)
  Josephine (D:14)
  5 boulder beetles
  3 hydras
  2 ogre magi (Orc:2)
  11 two-headed ogres
  2 alligators (Swamp:1)
  8 centaur warriors
  2 tengu warriors
  3 thrashing horrors (Lair:5)
  An orc high priest (Orc:2)
  Nergalle (Lair:1)
  4 skeletal warriors (D:14)
  An orb spider (shapeshifter) (Lair:5)
  2 deep trolls (Orc:2)
  2 spriggan druids (Swamp:1)
  5 wizards
  2 necromancers
  An orc knight (Orc:2)
  12 ugly things
  2 orc sorcerers (Orc:2)
  12 cyclopes
  A manticore (D:13)
  3 slime creatures (D:12)
  12 elephants
  A black mamba (shapeshifter) (Lair:5)
  Maurice (D:12)
  6 black mambas
  2 naga magi (D:15)
  A centaur zombie (D:15)
  12 cane toads
  2 gargoyles (D:13)
  2 centaur skeletons (D:15)
  2 smoke demons (Lair:5)
  Maggie (D:6)
  A rime drake (Lair:3)
  An unseen horror (D:11)
  7 komodo dragons
  An efreet (D:15)
  A kobold demonologist (D:10)
  A tengu conjurer (D:13)
  A troll (shapeshifter) (D:13)
  2 ancient zymes (Lair:5)
  2 polar bears
  11 trolls
  A wolf spider simulacrum (D:15)
  A tyrant leech (Swamp:1)
  4 hornets
  A bloated husk (Swamp:1)
  A large abomination (Lair:5)
  15 blink frogs
  2 dream sheep (Lair:4)
  2 centaur simulacra
  4 wraiths (D:14)
  2 culicivoras (shapeshifter)
  A spriggan (Swamp:1)
  4 wyverns
  69 yaks
  20 humans (D:13)
  7 basilisks
  2 chaos spawn (Lair:5)
  A steam dragon (D:9)
  Eustachio (D:6)
  Grum (D:11)
  10 vampire mosquitoes
  A redback simulacrum (D:14)
  3 wargs
  Edmund (D:6)
  2 nagas (Lair:3)
  3 swamp worms (Swamp:1)
  2 acid dragons
  11 water moccasins
  Duvessa (D:5)
  3 black bears
  2 ice beasts (D:5)
  Pargi (D:3)
  21 orc warriors
  24 ogres
  13 wolves
  5 centaurs
  A phantom (D:6)
  12 bullfrogs
  7 kobold brigands
  3 gnoll sergeants
  5 scorpions
  4 wights (D:9)
  Dowan (D:5)
  22 killer bees
  An electric eel (Lair:2)
  3 howler monkeys
  12 orc priests
  4 hounds
  4 jellies
  A gnoll bouda (D:7)
  2 iguanas
  17 orc wizards
  4 polar bear simulacra (Lair:2)
  15 small abominations (Lair:5)
  A wolf simulacrum (Lair:2)
  3 yak simulacra (Lair:2)
  Robin (D:3)
  14 adders
  18 gnolls
  2 white imps
  An ufetubus (D:6)
  A worm (D:2)
  3 dart slugs
  55 orcs
  5 bats
  9 endoplasms
  3 giant cockroaches
  14 goblins
  16 hobgoblins
  2 jackals (D:5)
  8 quokkas
  9 ball pythons
  3 frilled lizards
  28 kobolds
  3 river rat simulacra (Lair:2)
720 creatures vanquished.

Vanquished Creatures (others)
  A cane toad (Lair:5)
  2 orcs (Orc:2)
  17 fungi
  23 plants
43 creatures vanquished.

Grand Total: 763 creatures vanquished

Notes
Turn   | Place    | Note
-------+----------+-------------------------------------------
     0 | D:1      | qw the Gargoyle Fighter began the quest for the Orb.
     0 | D:1      | Reached XP level 1. HP: 14/14 MP: 1/1
     0 | D:1      | 0 ||| qw: Version: 0.1-a-119-g272c26d
     0 | D:1      | 0 ||| qw: Game counter: 10848
     0 | D:1      | 0 ||| qw: Always use a shield: true
     0 | D:1      | 0 ||| qw: God list: Okawaru
     0 | D:1      | 0 ||| qw: Allow faded altars: false
     0 | D:1      | 0 ||| qw: Do Orc after D:15 true
     0 | D:1      | 0 ||| qw: Do second Lair branch before Depths: true
     0 | D:1      | 0 ||| qw: Lair rune preference: random
     0 | D:1      | 0 ||| qw: Plans: Normal, Zot, God:TSO, Crypt, Tomb, Pan,
                  | Slime, Hells, Zig, Abyss, Orb
     0 | D:1      | 0 ||| PLANNING D:1-11
    78 | D:1      | Reached skill level 2 in Axes
   229 | D:1      | Found a faded altar of an unknown god.
   349 | D:1      | Found Waeconnel's General Store.
   355 | D:1      | 355 ||| BUYING potion of curing (36 gold).
   355 | D:1      | Bought a potion of curing for 36 gold pieces
   355 | D:1      | 355 ||| SHOPLISTING ring of protection from fire (300 gold,
                  | have 28).
   404 | D:1      | Reached XP level 2. HP: 11/19 MP: 2/2
   785 | D:1      | 785 ||| Stepping ~*~*~tactically~*~*~ (hiding).
  1068 | D:1      | 1068 ||| UPGRADING to +0 cloak.
  1073 | D:1      | 1073 ||| READING 3 scrolls labelled FEHE JUNOSK.
  1074 | D:1      | 1074 ||| READING 2 scrolls of enchant weapon.
  1074 | D:1      | 1074 ||| ENCHANTING +1 war axe.
  1075 | D:1      | 1075 ||| READING scroll of enchant weapon.
  1075 | D:1      | 1075 ||| ENCHANTING +2 war axe.
  1076 | D:1      | 1076 ||| READING scroll labelled TIEPRA GOXO.
  1077 | D:1      | 1077 ||| READING scroll labelled CUPYKLOM ZOUFA.
  1081 | D:1      | 1081 ||| READING scroll labelled SEISTA IHIMIFE.
  1124 | D:2      | Reached skill level 3 in Axes
  1124 | D:2      | Reached XP level 3. HP: 23/23 MP: 3/3
  1506 | D:2      | Reached XP level 4. HP: 28/28 MP: 4/4
  1744 | D:2      | Reached skill level 4 in Axes
  1744 | D:2      | 1744 ||| FLEEEEING.
  1745 | D:2      | 1745 ||| FLEEEEING.
  1746 | D:2      | 1746 ||| FLEEEEING.
  1753 | D:2      | 1753 ||| FLEEEEING.
  1755 | D:2      | 1755 ||| FLEEEEING.
  1756 | D:2      | 1756 ||| FLEEEEING.
  1757 | D:2      | 1757 ||| FLEEEEING.
  1762 | D:2      | 1762 ||| FLEEEEING.
  1763 | D:2      | 1763 ||| FLEEEEING.
  1764 | D:2      | 1764 ||| FLEEEEING.
  1765 | D:2      | 1765 ||| FLEEEEING.
  1766 | D:2      | 1766 ||| FLEEEEING.
  2029 | D:2      | 2029 ||| DROPPING amulet of magic regeneration.
  2030 | D:2      | 2030 ||| READING scroll labelled CATUDGHOAHY.
  2031 | D:2      | 2031 ||| DRINKING 2 yellow potions.
  2032 | D:2      | 2032 ||| DROPPING potion of invisibility.
  2094 | D:3      | Noticed Pargi
  2107 | D:3      | Killed Pargi
  2108 | D:3      | Reached skill level 5 in Axes
  2108 | D:3      | Reached XP level 5. HP: 22/32 MP: 5/5
  2114 | D:3      | 2114 ||| FLEEEEING.
  2117 | D:3      | 2117 ||| Stepping ~*~*~tactically~*~*~ (stealth).
  2150 | D:3      | 2150 ||| FLEEEEING.
  2151 | D:3      | 2151 ||| FLEEEEING.
  2152 | D:3      | 2152 ||| FLEEEEING.
  2153 | D:3      | 2153 ||| FLEEEEING.
  2154 | D:3      | 2154 ||| FLEEEEING.
  2155 | D:3      | 2155 ||| FLEEEEING.
  2156 | D:3      | 2156 ||| FLEEEEING.
  2157 | D:3      | 2157 ||| STAIRDANCE
  2207 | D:2      | 2207 ||| READING scroll labelled VITIUH SEIROCA.
  2208 | D:2      | 2208 ||| READING scroll labelled HAAMOY XENAICI.
  2334 | D:3      | Identified the +5 leather armour "Kukkuaj" {Drain rC+ rN++}
  2560 | D:3      | Found a runed translucent gate.
  2562 | D:3      | Found a runed translucent gate.
  2562 | D:3      | Found a runed translucent gate.
  2565 | D:3      | Noticed qw's ghost (amateur GrFi)
  2790 | D:3      | 2790 ||| DROPPING +0 whip.
  2814 | D:3      | 2814 ||| Stepping ~*~*~tactically~*~*~ (stealth).
  2818 | D:3      | Noticed Robin
  2828 | D:3      | Killed Robin
  3025 | D:3      | 3025 ||| UPGRADING to +5 leather armour "Kukkuaj" {Drain
                  | rC+ rN++}.
  3035 | D:3      | 3035 ||| UPGRADING to +1 helmet.
  3040 | D:3      | 3040 ||| UPGRADING to +2 helmet.
  3050 | D:3      | 3050 ||| DROPPING +1 helmet.
  3051 | D:3      | 3051 ||| UPGRADING to amulet of the acrobat.
  3056 | D:3      | 3056 ||| UPGRADING to +6 ring of dexterity.
  3057 | D:3      | 3057 ||| READING 3 scrolls labelled RADICU UHUAT.
  3058 | D:3      | 3058 ||| READING scroll labelled QAZOAJECZED.
  3059 | D:3      | 3059 ||| READING scroll labelled VOKI HIFAPLEM.
  3100 | D:3      | 3100 ||| DROPPING 2 scrolls of immolation.
  3137 | D:4      | Reached skill level 1 in Dodging
  3137 | D:4      | Reached XP level 6. HP: 35/38 MP: 6/6
  3137 | D:4      | 3137 ||| Stepping ~*~*~tactically~*~*~ (stealth).
  3138 | D:4      | 3138 ||| Stepping ~*~*~tactically~*~*~ (stealth).
  3139 | D:4      | 3139 ||| Stepping ~*~*~tactically~*~*~ (stealth).
  3140 | D:4      | 3140 ||| Stepping ~*~*~tactically~*~*~ (stealth).
  3141 | D:4      | 3141 ||| Stepping ~*~*~tactically~*~*~ (stealth).
  3201 | D:4      | 3201 ||| Stepping ~*~*~tactically~*~*~ (stealth).
  3202 | D:4      | 3202 ||| Stepping ~*~*~tactically~*~*~ (stealth).
  3211 | D:4      | 3211 ||| Stepping ~*~*~tactically~*~*~ (stealth).
  3242 | D:4      | 3242 ||| Stepping ~*~*~tactically~*~*~ (hiding).
  3420 | D:4      | 3420 ||| Stepping ~*~*~tactically~*~*~ (stealth).
  3634 | D:4      | 3634 ||| Stepping ~*~*~tactically~*~*~ (hiding).
  3741 | D:4      | 3741 ||| Stepping ~*~*~tactically~*~*~ (hiding).
  3860 | D:4      | 3860 ||| FLEEEEING.
  3861 | D:4      | 3861 ||| FLEEEEING.
  3862 | D:4      | 3862 ||| FLEEEEING.
  3864 | D:4      | 3864 ||| FLEEEEING.
  3865 | D:4      | 3865 ||| FLEEEEING.
  3867 | D:4      | 3867 ||| FLEEEEING.
  3868 | D:4      | 3868 ||| FLEEEEING.
  3870 | D:4      | 3870 ||| FLEEEEING.
  3872 | D:4      | 3872 ||| FLEEEEING.
  3874 | D:4      | 3874 ||| FLEEEEING.
  3875 | D:4      | 3875 ||| FLEEEEING.
  3876 | D:4      | 3876 ||| FLEEEEING.
  3879 | D:4      | 3879 ||| FLEEEEING.
  3883 | D:4      | Reached skill level 6 in Axes
  3990 | D:4      | 3990 ||| Invisible monster not found???
  4127 | D:4      | Reached XP level 7. HP: 43/43 MP: 7/7
  4142 | D:4      | Found a basalt altar of Yredelemnul.
  4144 | D:4      | Found a blossoming altar of Fedhas.
  4145 | D:4      | Found an iron altar of Okawaru.
  4270 | D:4      | Found a hazy altar of Hepliaklqana.
  4273 | D:4      | Found a bloodstained altar of Trog.
  4277 | D:4      | Found a shimmering altar of Xom.
  4278 | D:4      | Found a stormy altar of Qazlal.
  4478 | D:4      | 4478 ||| DROPPING +0 scale mail.
  4479 | D:4      | 4479 ||| UPGRADING to +0 plate armour.
  4489 | D:4      | 4489 ||| DROPPING +5 leather armour "Kukkuaj" {Drain rC+
                  | rN++}.
  4490 | D:4      | 4490 ||| READING scroll labelled SOTHUA ZYISIDO.
  4491 | D:4      | 4491 ||| DRINKING 2 grey potions.
  4492 | D:4      | 4492 ||| DROPPING potion of magic.
  4558 | D:4      | Became a worshipper of Warmaster Okawaru
  4575 | D:5      | Entered Level 5 of the Dungeon
  4836 | D:5      | 4836 ||| Stepping ~*~*~tactically~*~*~ (stealth).
  4837 | D:5      | 4837 ||| Stepping ~*~*~tactically~*~*~ (stealth).
  4896 | D:5      | 4896 ||| Stepping ~*~*~tactically~*~*~ (stealth).
  4942 | D:5      | Found a staircase to the Ecumenical Temple.
  4971 | D:5      | Reached * piety under Okawaru
  4972 | D:5      | Reached skill level 7 in Axes
  5144 | D:5      | Noticed Duvessa
  5144 | D:5      | Noticed Dowan
  5145 | D:5      | 5145 ||| INVOKING Heroism.
  5149 | D:5      | Killed Duvessa
  5150 | D:5      | Reached skill level 1 in Invocations
  5150 | D:5      | Reached XP level 8. HP: 38/48 MP: 5/9
  5155 | D:5      | Killed Dowan
  5230 | D:5      | 5230 ||| INVOKING Heroism.
  5544 | D:5      | 5544 ||| Stepping ~*~*~tactically~*~*~ (stealth).
  5545 | D:5      | 5545 ||| Stepping ~*~*~tactically~*~*~ (stealth).
  5546 | D:5      | 5546 ||| Stepping ~*~*~tactically~*~*~ (stealth).
  5553 | D:5      | 5553 ||| INVOKING Heroism.
  5557 | D:5      | Reached skill level 3 in Invocations
  5879 | D:5      | 5879 ||| UPGRADING to ring of protection from cold.
  5888 | D:6      | 5888 ||| INVOKING Heroism.
  5901 | D:6      | 5901 ||| FLEEEEING.
  5902 | D:6      | 5902 ||| FLEEEEING.
  5903 | D:6      | 5903 ||| FLEEEEING.
  5904 | D:6      | 5904 ||| FLEEEEING.
  5905 | D:6      | 5905 ||| FLEEEEING.
  5906 | D:6      | 5906 ||| STAIRDANCE
  5963 | D:6      | 5963 ||| STAIRDANCE
  5975 | D:6      | 5975 ||| STAIRDANCE
  6037 | D:6      | 6037 ||| INVOKING Heroism.
  6127 | D:6      | Reached ** piety under Okawaru
  6128 | D:6      | Reached skill level 8 in Axes
  6160 | D:6      | 6160 ||| INVOKING Heroism.
  6168 | D:6      | Reached XP level 9. HP: 48/54 MP: 9/12
  6213 | D:6      | 6213 ||| Stepping ~*~*~tactically~*~*~ (stealth).
  6218 | D:6      | Noticed Eustachio
  6219 | D:6      | 6219 ||| Stepping ~*~*~tactically~*~*~ (stealth).
  6220 | D:6      | 6220 ||| Stepping ~*~*~tactically~*~*~ (stealth).
  6234 | D:6      | Reached skill level 6 in Fighting
  6242 | D:6      | 6242 ||| INVOKING Heroism.
  6246 | D:6      | Killed Eustachio
  6288 | D:6      | 6288 ||| Stepping ~*~*~tactically~*~*~ (hiding).
  6409 | D:6      | Found a broken altar of Ashenzari.
  6412 | D:6      | 6412 ||| Stepping ~*~*~tactically~*~*~ (hiding).
  6415 | D:6      | 6415 ||| INVOKING Heroism.
  6430 | D:6      | Reached skill level 1 in Throwing
  6457 | D:6      | 6457 ||| Stepping ~*~*~tactically~*~*~ (stealth).
  6656 | D:6      | Noticed Maggie
  6657 | D:6      | Noticed Edmund
  6658 | D:6      | 6658 ||| INVOKING Heroism.
  6664 | D:6      | Killed Maggie
  6665 | D:6      | Reached skill level 3 in Throwing
  6669 | D:6      | Killed Edmund
  6677 | D:6      | 6677 ||| DROPPING +0 flail.
  6680 | D:6      | 6680 ||| DROPPING +4 flail of protection.
  6839 | D:6      | 6839 ||| READING scroll labelled UFRIOM TAEJOUN.
  6840 | D:6      | 6840 ||| DRINKING 2 amethyst potions.
  6841 | D:6      | 6841 ||| DROPPING potion of degeneration.
  6890 | D:7      | 6890 ||| INVOKING Heroism.
  6905 | D:7      | Reached skill level 9 in Axes
  6907 | D:7      | 6907 ||| INVOKING Heroism.
  7301 | D:7      | 7301 ||| INVOKING Heroism.
  7392 | D:7      | 7392 ||| Stepping ~*~*~tactically~*~*~ (hiding).
  7395 | D:7      | 7395 ||| INVOKING Heroism.
  7398 | D:7      | 7398 ||| Stepping ~*~*~tactically~*~*~ (hiding).
  7416 | D:7      | Found a hide-covered altar of Uskayaw.
  7476 | D:7      | Found a burning altar of Makhleb.
  7580 | D:7      | 7580 ||| READING 3 scrolls of identify.
  7580 | D:7      | 7580 ||| IDENTIFYING green potion
  7581 | D:7      | 7581 ||| READING 2 scrolls of identify.
  7581 | D:7      | 7581 ||| IDENTIFYING pink potion
  7582 | D:7      | 7582 ||| DROPPING potion of ambrosia.
  7736 | D:8      | Reached *** piety under Okawaru
  7760 | D:8      | 7760 ||| READING 3 scrolls of brand weapon.
  7760 | D:8      | 7760 ||| BRANDING +3 war axe of freezing.
  7761 | D:8      | 7761 ||| READING 2 scrolls of brand weapon.
  7761 | D:8      | 7761 ||| BRANDING +3 war axe of venom.
  7762 | D:8      | 7762 ||| READING scroll of brand weapon.
  7762 | D:8      | 7762 ||| BRANDING +3 war axe of electrocution.
  7763 | D:8      | 7763 ||| DROPPING +2 morningstar of flaming.
  7773 | D:8      | 7773 ||| READING scroll of brand weapon.
  7773 | D:8      | 7773 ||| BRANDING +3 war axe of flaming.
  7853 | D:8      | Noticed a two-headed ogre
  7854 | D:8      | 7854 ||| INVOKING Heroism.
  7862 | D:8      | Killed a two-headed ogre
  7862 | D:8      | Reached **** piety under Okawaru
  7863 | D:8      | Reached XP level 10. HP: 54/60 MP: 11/13
  7900 | D:8      | 7900 ||| Stepping ~*~*~tactically~*~*~ (hiding).
  8184 | D:8      | 8184 ||| Stepping ~*~*~tactically~*~*~ (stealth).
  8186 | D:8      | 8186 ||| INVOKING Heroism.
  8187 | D:8      | 8187 ||| Stepping ~*~*~tactically~*~*~ (stealth).
  8365 | D:8      | 8365 ||| DRINKING 2 clear potions.
  8452 | D:9      | 8452 ||| INVOKING Heroism.
  8454 | D:9      | 8454 ||| DRINKING 6 potions of curing.
  8454 | D:9      | 8454 ||| (to cure confusion)
  8569 | D:9      | 8569 ||| DROPPING +0 club.
  8629 | D:9      | 8629 ||| INVOKING Heroism.
  8632 | D:9      | 8632 ||| Stepping ~*~*~tactically~*~*~ (stealth).
  8634 | D:9      | 8634 ||| Stepping ~*~*~tactically~*~*~ (stealth).
  8636 | D:9      | 8636 ||| Stepping ~*~*~tactically~*~*~ (stealth).
  8699 | D:9      | 8699 ||| INVOKING Heroism.
  8824 | D:9      | Found a staircase to the Lair.
  8847 | D:9      | 8847 ||| Stepping ~*~*~tactically~*~*~ (stealth).
  8853 | D:9      | 8853 ||| Stepping ~*~*~tactically~*~*~ (stealth).
  8856 | D:9      | 8856 ||| Stepping ~*~*~tactically~*~*~ (stealth).
  8858 | D:9      | 8858 ||| INVOKING Heroism.
  8868 | D:9      | Reached skill level 6 in Invocations
  8919 | D:9      | 8919 ||| Stepping ~*~*~tactically~*~*~ (stealth).
  8920 | D:9      | 8920 ||| INVOKING Heroism.
  9189 | D:9      | Found a radiant altar of Vehumet.
  9252 | D:9      | Found a staircase to the Orcish Mines.
  9329 | D:9      | 9329 ||| INVOKING Heroism.
  9548 | D:9      | 9548 ||| Stepping ~*~*~tactically~*~*~ (hiding).
  9560 | D:9      | 9560 ||| DRINKING 5 potions of curing.
  9560 | D:9      | 9560 ||| (to cure confusion)
  9571 | D:9      | 9571 ||| PLANNING LAIR
  9571 | D:9      | 9571 ||| DRINKING 2 inky potions.
  9572 | D:9      | 9572 ||| READING 2 scrolls of identify.
  9572 | D:9      | 9572 ||| IDENTIFYING dark potion
  9609 | Lair:1   | Entered Level 1 of the Lair of Beasts
  9609 | Lair:1   | Noticed Nergalle
  9610 | Lair:1   | 9610 ||| INVOKING Heroism.
  9623 | Lair:1   | Killed Nergalle
  9624 | Lair:1   | Reached skill level 10 in Axes
  9624 | Lair:1   | Reached XP level 11. HP: 50/67 MP: 14/16
  9708 | Lair:1   | 9708 ||| INVOKING Heroism.
  9842 | Lair:1   | 9842 ||| INVOKING Heroism.
  9957 | Lair:1   | 9957 ||| Stepping ~*~*~tactically~*~*~ (stealth).
  9960 | Lair:1   | 9960 ||| INVOKING Heroism.
  9961 | Lair:1   | 9961 ||| Stepping ~*~*~tactically~*~*~ (stealth).
  9968 | Lair:1   | 9968 ||| Stepping ~*~*~tactically~*~*~ (stealth).
  9973 | Lair:1   | Reached ***** piety under Okawaru
 10103 | Lair:1   | 10103 ||| INVOKING Heroism.
 10108 | Lair:1   | Reached skill level 9 in Invocations
 10146 | Lair:1   | 10146 ||| Stepping ~*~*~tactically~*~*~ (stealth).
 10148 | Lair:1   | 10148 ||| Stepping ~*~*~tactically~*~*~ (stealth).
 10150 | Lair:1   | 10150 ||| Stepping ~*~*~tactically~*~*~ (stealth).
 10152 | Lair:1   | 10152 ||| Stepping ~*~*~tactically~*~*~ (stealth).
 10153 | Lair:1   | 10153 ||| Stepping ~*~*~tactically~*~*~ (stealth).
 10247 | Lair:1   | Found a dark tunnel.
 10275 | Lair:1   | 10275 ||| INVOKING Heroism.
 10332 | Lair:1   | 10332 ||| INVOKING Heroism.
 10343 | Lair:1   | Identified the +5 battleaxe "Dive" {venom, Str+5} (Okawaru
                  | gifted it to you on level 1 of the Lair of Beasts)
 10343 | Lair:1   | Received a gift from Okawaru
 10528 | Lair:1   | 10528 ||| INVOKING Heroism.
 10606 | Lair:1   | 10606 ||| INVOKING Heroism.
 10689 | Lair:1   | 10689 ||| INVOKING Heroism.
 10780 | Lair:1   | 10780 ||| DROPPING +0 whip.
 11043 | Lair:1   | Reached skill level 11 in Axes
 11458 | Lair:1   | 11458 ||| UPGRADING to +1 kite shield of fire resistance.
 11468 | Lair:1   | 11468 ||| DROPPING +0 buckler.
 11500 | Lair:2   | Noticed Gastronok
 11500 | Lair:2   | Found a staircase to the Swamp.
 11501 | Lair:2   | 11501 ||| INVOKING Heroism.
 11507 | Lair:2   | HP: 17/69 [Gastronok (16)]
 11508 | Lair:2   | 11508 ||| READING 4 scrolls of teleportation.
 11509 | Lair:2   | 11509 ||| DRINKING potion of heal wounds.
 11777 | Lair:2   | 11777 ||| INVOKING Heroism.
 11813 | Lair:2   | 11813 ||| Stepping ~*~*~tactically~*~*~ (stealth).
 11820 | Lair:2   | 11820 ||| INVOKING Heroism.
 11822 | Lair:2   | Reached skill level 6 in Shields
 11833 | Lair:2   | Reached XP level 12. HP: 66/75 MP: 17/19
 11846 | Lair:2   | 11846 ||| INVOKING Heroism.
 11857 | Lair:2   | 11857 ||| INVOKING Heroism.
 11867 | Lair:2   | Killed Gastronok
 12046 | Lair:2   | Found a frozen archway.
 12236 | Lair:2   | Identified the +2 trident of Big Damage {vorpal, Int+3}
 12273 | Lair:2   | You fall into a shaft and drop 2 floors!
 12293 | Lair:4   | 12293 ||| READING 3 scrolls of identify.
 12293 | Lair:4   | 12293 ||| IDENTIFYING blue potion
 12294 | Lair:4   | 12294 ||| READING 2 scrolls of identify.
 12294 | Lair:4   | 12294 ||| IDENTIFYING black potion
 12295 | Lair:4   | 12295 ||| DRINKING potion of experience.
 12295 | Lair:4   | Reached skill level 12 in Shields
 12295 | Lair:4   | Reached XP level 13. HP: 79/79 MP: 20/20
 12296 | Lair:4   | 12296 ||| DROPPING potion of flight.
 12301 | Lair:4   | 12301 ||| INVOKING Heroism.
 12302 | Lair:4   | 12302 ||| INVOKING Finesse.
 12304 | Lair:4   | 12304 ||| SWAPPING to +0 flail.
 12318 | Lair:4   | 12318 ||| SWAPPING to +3 vorpal war axe.
 12566 | Lair:3   | 12566 ||| INVOKING Heroism.
 12567 | Lair:3   | 12567 ||| INVOKING Finesse.
 12569 | Lair:3   | 12569 ||| SWAPPING to +0 flail.
 12582 | Lair:3   | Reached skill level 9 in Fighting
 12582 | Lair:3   | 12582 ||| SWAPPING to +3 vorpal war axe.
 12709 | Lair:3   | 12709 ||| Stepping ~*~*~tactically~*~*~ (stealth).
 12715 | Lair:3   | 12715 ||| Stepping ~*~*~tactically~*~*~ (stealth).
 12885 | Lair:2   | 12885 ||| INVOKING Heroism.
 13020 | Lair:2   | Received a gift from Okawaru
 13098 | Lair:2   | 13098 ||| INVOKING Heroism.
 13101 | Lair:2   | 13101 ||| Stepping ~*~*~tactically~*~*~ (stealth).
 13102 | Lair:2   | 13102 ||| Stepping ~*~*~tactically~*~*~ (stealth).
 13106 | Lair:2   | 13106 ||| Stepping ~*~*~tactically~*~*~ (stealth).
 13107 | Lair:2   | 13107 ||| Stepping ~*~*~tactically~*~*~ (stealth).
 13109 | Lair:2   | 13109 ||| Stepping ~*~*~tactically~*~*~ (stealth).
 13110 | Lair:2   | 13110 ||| Stepping ~*~*~tactically~*~*~ (stealth).
 13433 | Lair:3   | 13433 ||| STAIRDANCE
 13445 | Lair:3   | 13445 ||| STAIRDANCE
 13447 | Lair:2   | 13447 ||| INVOKING Heroism.
 13461 | Lair:2   | Reached skill level 12 in Axes
 13803 | Lair:3   | 13803 ||| Stepping ~*~*~tactically~*~*~ (stealth).
 13804 | Lair:3   | 13804 ||| Stepping ~*~*~tactically~*~*~ (stealth).
 13811 | Lair:3   | 13811 ||| INVOKING Heroism.
 13816 | Lair:3   | 13816 ||| Stepping ~*~*~tactically~*~*~ (stealth).
 13821 | Lair:3   | Reached skill level 3 in Dodging
 13882 | Lair:3   | 13882 ||| Stepping ~*~*~tactically~*~*~ (stealth).
 13900 | Lair:3   | 13900 ||| Stepping ~*~*~tactically~*~*~ (stealth).
 13925 | Lair:3   | 13925 ||| INVOKING Heroism.
 14051 | Lair:3   | Found a staircase to the Snake Pit.
 14199 | Lair:3   | 14199 ||| Stepping ~*~*~tactically~*~*~ (stealth).
 14200 | Lair:3   | 14200 ||| Stepping ~*~*~tactically~*~*~ (stealth).
 14208 | Lair:3   | 14208 ||| Stepping ~*~*~tactically~*~*~ (stealth).
 14215 | Lair:3   | 14215 ||| Stepping ~*~*~tactically~*~*~ (stealth).
 14220 | Lair:3   | 14220 ||| Stepping ~*~*~tactically~*~*~ (stealth).
 14226 | Lair:3   | Received a gift from Okawaru
 14546 | Lair:3   | 14546 ||| UPGRADING to scarf of repulsion.
 14556 | Lair:3   | 14556 ||| READING scroll labelled QORIUC ZAAHEVU.
 14557 | Lair:3   | 14557 ||| DRINKING 2 fuming brown potions.
 14558 | Lair:3   | 14558 ||| DROPPING potion of brilliance.
 14608 | Lair:4   | 14608 ||| Stepping ~*~*~tactically~*~*~ (stealth).
 14610 | Lair:4   | 14610 ||| Stepping ~*~*~tactically~*~*~ (stealth).
 14612 | Lair:4   | 14612 ||| Stepping ~*~*~tactically~*~*~ (stealth).
 14614 | Lair:4   | 14614 ||| Stepping ~*~*~tactically~*~*~ (stealth).
 14617 | Lair:4   | 14617 ||| INVOKING Heroism.
 14630 | Lair:4   | Received a gift from Okawaru
 14947 | Lair:4   | 14947 ||| INVOKING Heroism.
 15001 | Lair:4   | 15001 ||| READING scroll of enchant armour.
 15001 | Lair:4   | 15001 ||| ENCHANTING +0 plate armour.
 15145 | Lair:4   | Received a gift from Okawaru
 15147 | Lair:4   | 15147 ||| SWAPPING to +2 vorpal broad axe.
 15148 | Lair:4   | 15148 ||| DROPPING +3 vorpal war axe.
 15702 | Lair:4   | 15702 ||| READING scroll labelled FOCUXT QATA.
 15703 | Lair:4   | 15703 ||| READING 5 scrolls of identify.
 15703 | Lair:4   | 15703 ||| IDENTIFYING fizzy white potion
 15704 | Lair:4   | 15704 ||| DROPPING potion of berserk rage.
 15741 | Lair:5   | Entered Level 5 of the Lair of Beasts
 15749 | Lair:5   | 15749 ||| Stepping ~*~*~tactically~*~*~ (stealth).
 15751 | Lair:5   | 15751 ||| INVOKING Heroism.
 15752 | Lair:5   | 15752 ||| INVOKING Finesse.
 15753 | Lair:5   | 15753 ||| SWAPPING to +0 flail.
 15758 | Lair:5   | 15758 ||| Stepping ~*~*~tactically~*~*~ (outnumbered).
 15759 | Lair:5   | 15759 ||| Stepping ~*~*~tactically~*~*~ (outnumbered).
 15760 | Lair:5   | 15760 ||| SWAPPING to +2 vorpal broad axe.
 15763 | Lair:5   | 15763 ||| SWAPPING to +0 flail.
 15764 | Lair:5   | 15764 ||| Stepping ~*~*~tactically~*~*~ (outnumbered).
 15765 | Lair:5   | 15765 ||| SWAPPING to +2 vorpal broad axe.
 15770 | Lair:5   | 15770 ||| SWAPPING to +0 flail.
 15771 | Lair:5   | 15771 ||| Stepping ~*~*~tactically~*~*~ (outnumbered).
 15772 | Lair:5   | 15772 ||| Stepping ~*~*~tactically~*~*~ (outnumbered).
 15773 | Lair:5   | 15773 ||| Stepping ~*~*~tactically~*~*~ (outnumbered).
 15774 | Lair:5   | 15774 ||| Stepping ~*~*~tactically~*~*~ (outnumbered).
 15775 | Lair:5   | 15775 ||| Stepping ~*~*~tactically~*~*~ (outnumbered).
 15776 | Lair:5   | 15776 ||| Stepping ~*~*~tactically~*~*~ (outnumbered).
 15777 | Lair:5   | 15777 ||| Stepping ~*~*~tactically~*~*~ (outnumbered).
 15778 | Lair:5   | 15778 ||| SWAPPING to +2 vorpal broad axe.
 15780 | Lair:5   | 15780 ||| SWAPPING to +0 flail.
 15781 | Lair:5   | 15781 ||| Stepping ~*~*~tactically~*~*~ (outnumbered).
 15782 | Lair:5   | 15782 ||| SWAPPING to +2 vorpal broad axe.
 15784 | Lair:5   | 15784 ||| SWAPPING to +0 flail.
 15785 | Lair:5   | 15785 ||| Stepping ~*~*~tactically~*~*~ (outnumbered).
 15786 | Lair:5   | 15786 ||| Stepping ~*~*~tactically~*~*~ (outnumbered).
 15787 | Lair:5   | 15787 ||| Stepping ~*~*~tactically~*~*~ (outnumbered).
 15788 | Lair:5   | 15788 ||| Stepping ~*~*~tactically~*~*~ (outnumbered).
 15789 | Lair:5   | 15789 ||| Stepping ~*~*~tactically~*~*~ (outnumbered).
 15790 | Lair:5   | 15790 ||| Stepping ~*~*~tactically~*~*~ (outnumbered).
 15812 | Lair:5   | Gained mutation: Your large and strong wings let you fly.
                  | [Gargoyle growth]
 15812 | Lair:5   | Reached XP level 14. HP: 42/88 MP: 19/21
 15812 | Lair:5   | 15812 ||| SWAPPING to +2 vorpal broad axe.
 15819 | Lair:5   | 15819 ||| INVOKING Heroism.
 16088 | Lair:5   | 16088 ||| Stepping ~*~*~tactically~*~*~ (stealth).
 16089 | Lair:5   | 16089 ||| Stepping ~*~*~tactically~*~*~ (stealth).
 16090 | Lair:5   | 16090 ||| Stepping ~*~*~tactically~*~*~ (stealth).
 16096 | Lair:5   | 16096 ||| Stepping ~*~*~tactically~*~*~ (stealth).
 16109 | Lair:5   | 16109 ||| INVOKING Heroism.
 16119 | Lair:5   | 16119 ||| Stepping ~*~*~tactically~*~*~ (stealth).
 16127 | Lair:5   | Reached skill level 13 in Axes
 16130 | Lair:5   | Reached skill level 9 in Armour
 16131 | Lair:5   | 16131 ||| INVOKING Heroism.
 16303 | Lair:5   | 16303 ||| READING scroll of enchant armour.
 16303 | Lair:5   | 16303 ||| ENCHANTING +1 plate armour.
 16323 | Lair:5   | 16323 ||| INVOKING Heroism.
 16400 | Lair:5   | Found a staircase to the Slime Pits.
 16661 | Lair:5   | 16661 ||| Stepping ~*~*~tactically~*~*~ (stealth).
 16662 | Lair:5   | 16662 ||| INVOKING Heroism.
 16693 | Lair:5   | 16693 ||| INVOKING Heroism.
 16697 | Lair:5   | Received a gift from Okawaru
 16738 | Lair:5   | 16738 ||| SWAPPING to +0 broad axe of flaming.
 16739 | Lair:5   | 16739 ||| DROPPING +0 flail.
 16740 | Lair:5   | 16740 ||| DROPPING +2 vorpal broad axe.
 16768 | Lair:5   | Reached skill level 14 in Axes
 17070 | Lair:5   | 17070 ||| Stepping ~*~*~tactically~*~*~ (stealth).
 17072 | Lair:5   | 17072 ||| Stepping ~*~*~tactically~*~*~ (stealth).
 17073 | Lair:5   | 17073 ||| Stepping ~*~*~tactically~*~*~ (stealth).
 17075 | Lair:5   | 17075 ||| Stepping ~*~*~tactically~*~*~ (hiding).
 17092 | Lair:5   | 17092 ||| Stepping ~*~*~tactically~*~*~ (hiding).
 17093 | Lair:5   | 17093 ||| INVOKING Heroism.
 17169 | Lair:5   | 17169 ||| Stepping ~*~*~tactically~*~*~ (stealth).
 17170 | Lair:5   | 17170 ||| Stepping ~*~*~tactically~*~*~ (stealth).
 17174 | Lair:5   | 17174 ||| Stepping ~*~*~tactically~*~*~ (stealth).
 17179 | Lair:5   | 17179 ||| INVOKING Heroism.
 17211 | Lair:5   | 17211 ||| INVOKING Heroism.
 17221 | Lair:5   | 17221 ||| Stepping ~*~*~tactically~*~*~ (stealth).
 17231 | Lair:5   | 17231 ||| Stepping ~*~*~tactically~*~*~ (stealth).
 17464 | Lair:5   | 17464 ||| Stepping ~*~*~tactically~*~*~ (stealth).
 17507 | Lair:5   | 17507 ||| Stepping ~*~*~tactically~*~*~ (stealth).
 17521 | Lair:5   | 17521 ||| Stepping ~*~*~tactically~*~*~ (stealth).
 17529 | Lair:5   | 17529 ||| INVOKING Heroism.
 17569 | Lair:5   | 17569 ||| Stepping ~*~*~tactically~*~*~ (stealth).
 17676 | Lair:5   | 17676 ||| INVOKING Heroism.
 17728 | Lair:5   | 17728 ||| INVOKING Heroism.
 17988 | Lair:5   | Found a corrupted altar of Lugonu.
 17988 | Lair:5   | Found a one-way gate to the infinite horrors of the Abyss.
 18130 | Lair:5   | 18130 ||| PLANNING D:1-11
 18130 | Lair:5   | 18130 ||| READING scroll labelled YKAZEWESOS.
 18241 | D:10     | Entered Level 10 of the Dungeon
 18289 | D:10     | 18289 ||| INVOKING Heroism.
 18401 | D:10     | 18401 ||| INVOKING Heroism.
 18617 | D:10     | 18617 ||| Stepping ~*~*~tactically~*~*~ (stealth).
 18644 | D:10     | 18644 ||| INVOKING Heroism.
 18652 | D:10     | Received a gift from Okawaru
 18708 | D:10     | 18708 ||| Stepping ~*~*~tactically~*~*~ (hiding).
 18819 | D:10     | Reached skill level 15 in Axes
 19013 | D:10     | 19013 ||| DROPPING +1 hat.
 19014 | D:10     | 19014 ||| DROPPING +2 hat of intelligence.
 19015 | D:10     | 19015 ||| READING scroll labelled FYOLIR NAAXI.
 19063 | D:11     | Noticed dangerrune1's ghost (journeyman GrEE)
 19063 | D:11     | Found a runed translucent gate.
 19063 | D:11     | Found a runed translucent gate.
 19063 | D:11     | Found a runed translucent gate.
 19064 | D:11     | 19064 ||| PLANNING GAUNTLET
 19064 | D:11     | 19064 ||| INVOKING Heroism.
 19065 | D:11     | 19065 ||| INVOKING Finesse.
 19066 | D:11     | 19066 ||| STAIRDANCE
 19076 | D:10     | HP: 14/90 [boulder beetle (15)]
 19077 | D:10     | 19077 ||| READING 6 scrolls of teleportation.
 19078 | D:10     | 19078 ||| DRINKING potion of heal wounds.
 19315 | D:11     | 19315 ||| Stepping ~*~*~tactically~*~*~ (hiding).
 19324 | D:11     | 19324 ||| INVOKING Heroism.
 19328 | D:11     | 19328 ||| Stepping ~*~*~tactically~*~*~ (stealth).
 19331 | D:11     | 19331 ||| Stepping ~*~*~tactically~*~*~ (stealth).
 19484 | D:11     | 19484 ||| INVOKING Heroism.
 19485 | D:11     | 19485 ||| INVOKING Finesse.
 19521 | D:11     | 19521 ||| RIP GAUNTLET
 19537 | D:11     | 19537 ||| PLANNING D:1-11
 19537 | D:11     | 19537 ||| READING scroll of enchant weapon.
 19537 | D:11     | 19537 ||| ENCHANTING +0 broad axe of flaming.
 19581 | D:11     | 19581 ||| Stepping ~*~*~tactically~*~*~ (hiding).
 19587 | D:11     | 19587 ||| INVOKING Heroism.
 19640 | D:11     | 19640 ||| INVOKING Heroism.
 19753 | D:11     | 19753 ||| INVOKING Heroism.
 19754 | D:11     | 19754 ||| INVOKING Finesse.
 20026 | D:11     | You are sucked into a shaft and drop 2 floors!
 20055 | D:13     | 20055 ||| INVOKING Heroism.
 20088 | D:13     | 20088 ||| Stepping ~*~*~tactically~*~*~ (stealth).
 20093 | D:13     | Reached XP level 15. HP: 94/94 MP: 22/22
 20168 | D:13     | 20168 ||| Stepping ~*~*~tactically~*~*~ (stealth).
 20194 | D:13     | 20194 ||| INVOKING Heroism.
 20394 | D:13     | 20394 ||| Stepping ~*~*~tactically~*~*~ (hiding).
 20398 | D:13     | 20398 ||| INVOKING Heroism.
 20564 | D:12     | 20564 ||| Stepping ~*~*~tactically~*~*~ (stealth).
 20568 | D:12     | 20568 ||| Stepping ~*~*~tactically~*~*~ (stealth).
 20666 | D:12     | Reached skill level 12 in Fighting
 20673 | D:12     | 20673 ||| INVOKING Heroism.
 20855 | D:12     | 20855 ||| Stepping ~*~*~tactically~*~*~ (stealth).
 20863 | D:12     | Noticed Maurice
 20877 | D:12     | 20877 ||| DRINKING 7 potions of curing.
 20877 | D:12     | 20877 ||| (to cure confusion)
 20879 | D:12     | Killed Maurice
 20993 | D:11     | 20993 ||| Stepping ~*~*~tactically~*~*~ (stealth).
 20994 | D:11     | Noticed Grum
 20995 | D:11     | 20995 ||| Stepping ~*~*~tactically~*~*~ (hiding).
 21004 | D:11     | Killed Grum
 21211 | D:11     | 21211 ||| PLANNING D
 21260 | D:12     | 21260 ||| Stepping ~*~*~tactically~*~*~ (stealth).
 21271 | D:12     | 21271 ||| FLEEEEING.
 21272 | D:12     | 21272 ||| FLEEEEING.
 21274 | D:12     | 21274 ||| FLEEEEING.
 21275 | D:12     | 21275 ||| FLEEEEING.
 21276 | D:12     | 21276 ||| FLEEEEING.
 21277 | D:12     | 21277 ||| FLEEEEING.
 21278 | D:12     | 21278 ||| FLEEEEING.
 21279 | D:12     | 21279 ||| FLEEEEING.
 21286 | D:12     | 21286 ||| Stepping ~*~*~tactically~*~*~ (stealth).
 21671 | D:13     | 21671 ||| Stepping ~*~*~tactically~*~*~ (stealth).
 21781 | D:13     | 21781 ||| READING scroll of enchant weapon.
 21781 | D:13     | 21781 ||| ENCHANTING +1 broad axe of flaming.
 21898 | D:13     | 21898 ||| FLEEEEING.
 21900 | D:13     | 21900 ||| FLEEEEING.
 21901 | D:13     | 21901 ||| FLEEEEING.
 21939 | D:13     | 21939 ||| Stepping ~*~*~tactically~*~*~ (hiding).
 21945 | D:13     | 21945 ||| INVOKING Heroism.
 21955 | D:13     | 21955 ||| Stepping ~*~*~tactically~*~*~ (stealth).
 21982 | D:13     | 21982 ||| INVOKING Heroism.
 21983 | D:13     | 21983 ||| Stepping ~*~*~tactically~*~*~ (stealth).
 21996 | D:13     | 21996 ||| Stepping ~*~*~tactically~*~*~ (stealth).
 21997 | D:13     | 21997 ||| Stepping ~*~*~tactically~*~*~ (stealth).
 22024 | D:13     | Reached skill level 16 in Axes
 22025 | D:13     | 22025 ||| FLEEEEING.
 22026 | D:13     | 22026 ||| FLEEEEING.
 22027 | D:13     | 22027 ||| FLEEEEING.
 22028 | D:13     | 22028 ||| FLEEEEING.
 22029 | D:13     | 22029 ||| FLEEEEING.
 22030 | D:13     | 22030 ||| FLEEEEING.
 22031 | D:13     | 22031 ||| FLEEEEING.
 22032 | D:13     | 22032 ||| FLEEEEING.
 22033 | D:13     | 22033 ||| FLEEEEING.
 22034 | D:13     | 22034 ||| FLEEEEING.
 22035 | D:13     | 22035 ||| FLEEEEING.
 22036 | D:13     | 22036 ||| FLEEEEING.
 22037 | D:13     | 22037 ||| FLEEEEING.
 22038 | D:13     | 22038 ||| FLEEEEING.
 22039 | D:13     | 22039 ||| FLEEEEING.
 22040 | D:13     | 22040 ||| FLEEEEING.
 22041 | D:13     | 22041 ||| FLEEEEING.
 22042 | D:13     | 22042 ||| FLEEEEING.
 22043 | D:13     | 22043 ||| FLEEEEING.
 22044 | D:13     | 22044 ||| FLEEEEING.
 22045 | D:13     | 22045 ||| FLEEEEING.
 22046 | D:13     | 22046 ||| FLEEEEING.
 22047 | D:13     | 22047 ||| FLEEEEING.
 22048 | D:13     | 22048 ||| FLEEEEING.
 22049 | D:13     | 22049 ||| FLEEEEING.
 22050 | D:13     | 22050 ||| FLEEEEING.
 22051 | D:13     | 22051 ||| FLEEEEING.
 22052 | D:13     | 22052 ||| FLEEEEING.
 22053 | D:13     | 22053 ||| FLEEEEING.
 22054 | D:13     | 22054 ||| FLEEEEING.
 22055 | D:13     | 22055 ||| FLEEEEING.
 22056 | D:13     | 22056 ||| FLEEEEING.
 22057 | D:13     | 22057 ||| FLEEEEING.
 22058 | D:13     | 22058 ||| STAIRDANCE
 22110 | D:13     | 22110 ||| Stepping ~*~*~tactically~*~*~ (stealth).
 22160 | D:13     | 22160 ||| READING scroll of enchant armour.
 22160 | D:13     | 22160 ||| ENCHANTING +2 plate armour.
 22169 | D:13     | 22169 ||| Stepping ~*~*~tactically~*~*~ (stealth).
 22173 | D:13     | 22173 ||| Stepping ~*~*~tactically~*~*~ (stealth).
 22174 | D:13     | 22174 ||| Stepping ~*~*~tactically~*~*~ (stealth).
 22440 | D:13     | Found a gate to the Vaults.
 22517 | D:13     | 22517 ||| READING scroll of enchant armour.
 22517 | D:13     | 22517 ||| ENCHANTING +3 plate armour.
 22525 | D:14     | 22525 ||| INVOKING Heroism.
 22637 | D:14     | Noticed Josephine
 22645 | D:14     | Killed Josephine
 22859 | D:14     | Found Favvor's Armour Emporium.
 22875 | D:14     | 22875 ||| Stepping ~*~*~tactically~*~*~ (stealth).
 22925 | D:14     | 22925 ||| INVOKING Heroism.
 22999 | D:14     | 22999 ||| FLEEEEING.
 23002 | D:14     | 23002 ||| Stepping ~*~*~tactically~*~*~ (stealth).
 23008 | D:14     | 23008 ||| FLEEEEING.
 23009 | D:14     | 23009 ||| FLEEEEING.
 23010 | D:14     | 23010 ||| FLEEEEING.
 23011 | D:14     | 23011 ||| FLEEEEING.
 23012 | D:14     | 23012 ||| FLEEEEING.
 23013 | D:14     | 23013 ||| FLEEEEING.
 23014 | D:14     | 23014 ||| FLEEEEING.
 23019 | D:14     | 23019 ||| FLEEEEING.
 23027 | D:14     | 23027 ||| STAIRDANCE
 23100 | D:14     | Found an opulent altar of Gozag.
 23150 | D:14     | Received a gift from Okawaru
 23164 | D:14     | 23164 ||| FLEEEEING.
 23165 | D:14     | 23165 ||| FLEEEEING.
 23166 | D:14     | 23166 ||| FLEEEEING.
 23167 | D:14     | 23167 ||| FLEEEEING.
 23168 | D:14     | 23168 ||| FLEEEEING.
 23169 | D:14     | 23169 ||| FLEEEEING.
 23170 | D:14     | 23170 ||| FLEEEEING.
 23186 | D:14     | 23186 ||| FLEEEEING.
 23187 | D:14     | 23187 ||| FLEEEEING.
 23206 | D:14     | 23206 ||| Stepping ~*~*~tactically~*~*~ (stealth).
 23312 | D:14     | 23312 ||| Stepping ~*~*~tactically~*~*~ (stealth).
 23313 | D:14     | 23313 ||| Stepping ~*~*~tactically~*~*~ (stealth).
 23315 | D:14     | 23315 ||| Stepping ~*~*~tactically~*~*~ (hiding).
 23327 | D:14     | 23327 ||| READING scroll of enchant armour.
 23327 | D:14     | 23327 ||| ENCHANTING +4 plate armour.
 23523 | D:14     | Found a glowing golden altar of the Shining One.
 23557 | D:14     | 23557 ||| INVOKING Heroism.
 23833 | D:14     | 23833 ||| READING 13 scrolls of identify.
 23833 | D:14     | 23833 ||| IDENTIFYING viscous emerald potion
 23860 | D:15     | Entered Level 15 of the Dungeon
 23860 | D:15     | Found Eshozouh's Weapon Emporium.
 23885 | D:15     | 23885 ||| Stepping ~*~*~tactically~*~*~ (stealth).
 23924 | D:15     | Found Feappoi's General Store.
 23929 | D:15     | 23929 ||| BUYING amulet of regeneration (480 gold).
 23929 | D:15     | Bought an amulet of regeneration for 480 gold pieces
 23929 | D:15     | 23929 ||| BUYING scroll of enchant weapon (120 gold).
 23929 | D:15     | Bought a scroll of enchant weapon for 120 gold pieces
 23929 | D:15     | 23929 ||| BUYING scroll of teleportation (48 gold).
 23929 | D:15     | Bought a scroll of teleportation for 48 gold pieces
 23929 | D:15     | 23929 ||| READING scroll of enchant weapon.
 23929 | D:15     | 23929 ||| ENCHANTING +2 broad axe of flaming.
 23975 | D:15     | 23975 ||| Stepping ~*~*~tactically~*~*~ (stealth).
 24083 | D:15     | Received a gift from Okawaru
 24110 | D:15     | 24110 ||| Stepping ~*~*~tactically~*~*~ (stealth).
 24156 | D:15     | 24156 ||| INVOKING Heroism.
 24343 | D:15     | Found a staircase to the Depths.
 24450 | D:15     | Found Fudei's Antique Weapon Shop.
 24464 | D:15     | 24464 ||| Stepping ~*~*~tactically~*~*~ (hiding).
 24479 | D:15     | Reached skill level 6 in Throwing
 24586 | D:15     | Reached XP level 16. HP: 96/101 MP: 23/23
 24753 | D:15     | Found Roseul's Demolitions Depot.
 24918 | D:15     | 24918 ||| Stepping ~*~*~tactically~*~*~ (hiding).
 24920 | D:15     | 24920 ||| Stepping ~*~*~tactically~*~*~ (hiding).
 24927 | D:15     | 24927 ||| INVOKING Heroism.
 25075 | D:15     | 25075 ||| PLANNING ORC
 25264 | Orc:1    | Entered Level 1 of the Orcish Mines
 25265 | Orc:1    | 25265 ||| INVOKING Heroism.
 25287 | Orc:1    | 25287 ||| Stepping ~*~*~tactically~*~*~ (stealth).
 25288 | Orc:1    | 25288 ||| Stepping ~*~*~tactically~*~*~ (stealth).
 25289 | Orc:1    | 25289 ||| Stepping ~*~*~tactically~*~*~ (stealth).
 25307 | Orc:1    | 25307 ||| Stepping ~*~*~tactically~*~*~ (stealth).
 25311 | Orc:1    | 25311 ||| Stepping ~*~*~tactically~*~*~ (stealth).
 25317 | Orc:1    | 25317 ||| Stepping ~*~*~tactically~*~*~ (stealth).
 25319 | Orc:1    | 25319 ||| Stepping ~*~*~tactically~*~*~ (hiding).
 25320 | Orc:1    | 25320 ||| Stepping ~*~*~tactically~*~*~ (hiding).
 25322 | Orc:1    | 25322 ||| INVOKING Heroism.
 25408 | Orc:1    | Found a runed translucent gate.
 25409 | Orc:1    | Found a runed translucent gate.
 25409 | Orc:1    | Noticed qw's ghost (journeyman MiBe)
 25410 | Orc:1    | Found a runed translucent gate.
 25411 | Orc:1    | Identified the +4 chain mail of Woloann {*Corrode Will++
                  | Dex+4 SInv}
 25471 | Orc:1    | 25471 ||| Stepping ~*~*~tactically~*~*~ (stealth).
 25560 | Orc:1    | 25560 ||| Stepping ~*~*~tactically~*~*~ (stealth).
 25658 | Orc:1    | 25658 ||| INVOKING Heroism.
 25823 | Orc:2    | Entered Level 2 of the Orcish Mines
 25824 | Orc:2    | 25824 ||| INVOKING Heroism.
 25830 | Orc:2    | Found Ypen's General Store.
 25850 | Orc:2    | Reached skill level 17 in Axes
 25852 | Orc:2    | Received a gift from Okawaru
 25874 | Orc:2    | 25874 ||| FLEEEEING.
 25875 | Orc:2    | 25875 ||| FLEEEEING.
 25876 | Orc:2    | 25876 ||| STAIRDANCE
 26027 | Orc:2    | 26027 ||| STAIRDANCE
 26032 | Orc:1    | 26032 ||| INVOKING Heroism.
 26153 | Orc:2    | 26153 ||| STAIRDANCE
 26174 | Orc:2    | Identified the +1 lajatang "Zigyro Qecs" {flame, rElec
                  | rPois} (Okawaru gifted it to you on level 2 of the Orcish
                  | Mines)
 26174 | Orc:2    | Received a gift from Okawaru
 26175 | Orc:2    | 26175 ||| STAIRDANCE
 26218 | Orc:2    | 26218 ||| INVOKING Heroism.
 26246 | Orc:2    | Found Poheral's Book Shoppe.
 26268 | Orc:2    | 26268 ||| BUYING scroll of brand weapon (104 gold).
 26268 | Orc:2    | Bought a scroll of brand weapon for 104 gold pieces
 26268 | Orc:2    | 26268 ||| READING scroll of brand weapon.
 26268 | Orc:2    | 26268 ||| BRANDING +3 broad axe of flaming.
 26271 | Orc:2    | Found Eqecy Epn's Antique Weapon Shop.
 26272 | Orc:2    | Found Jimya's Jewellery Shop.
 26275 | Orc:2    | Found a staircase to the Elven Halls.
 26280 | Orc:2    | 26280 ||| BUYING amulet of Amorality {Acrobat Contam Slay+2
                  | SInv Stlth+} (702 gold).
 26280 | Orc:2    | Bought the amulet of Amorality {Acrobat Contam Slay+2 SInv
                  | Stlth+} for 702 gold pieces
 26280 | Orc:2    | 26280 ||| BUYING amulet of reflection (450 gold).
 26280 | Orc:2    | Bought an amulet of reflection for 450 gold pieces
 26280 | Orc:2    | 26280 ||| SHOPLISTING ring "Diarues" {Ice rN+} (543 gold,
                  | have 362).
 26285 | Orc:2    | 26285 ||| BUYING club (32 gold).
 26285 | Orc:2    | Bought a club for 32 gold pieces
 26299 | Orc:2    | 26299 ||| Stepping ~*~*~tactically~*~*~ (stealth).
 26361 | Orc:2    | 26361 ||| INVOKING Heroism.
 26363 | Orc:2    | 26363 ||| INVOKING Finesse.
 26668 | Orc:2    | 26668 ||| DROPPING +0 club.
 26669 | Orc:2    | 26669 ||| DROPPING +0 mace.
 26768 | Orc:2    | 26768 ||| Stepping ~*~*~tactically~*~*~ (hiding).
 26769 | Orc:2    | 26769 ||| Stepping ~*~*~tactically~*~*~ (hiding).
 26820 | Orc:2    | 26820 ||| Stepping ~*~*~tactically~*~*~ (stealth).
 26822 | Orc:2    | 26822 ||| Stepping ~*~*~tactically~*~*~ (hiding).
 26904 | Orc:2    | 26904 ||| INVOKING Heroism.
 27110 | Orc:2    | 27110 ||| DROPPING amulet of regeneration.
 27111 | Orc:2    | 27111 ||| UPGRADING to amulet of Amorality {Acrobat Contam
                  | Slay+2 SInv Stlth+}.
 27121 | Orc:2    | 27121 ||| DROPPING amulet of the acrobat.
 27140 | Orc:1    | Noticed Fannar
 27150 | Orc:1    | Killed Fannar
 27153 | Orc:1    | 27153 ||| INVOKING Heroism.
 27169 | Orc:1    | 27169 ||| Stepping ~*~*~tactically~*~*~ (stealth).
 27170 | Orc:1    | 27170 ||| Stepping ~*~*~tactically~*~*~ (stealth).
 27288 | Orc:1    | 27288 ||| INVOKING Heroism.
 27329 | Orc:1    | 27329 ||| PLANNING SWAMP:1-3
 27424 | Swamp:1  | Entered Level 1 of the Swamp
 27425 | Swamp:1  | 27425 ||| INVOKING Heroism.
 27543 | Swamp:1  | 27543 ||| DROPPING +0 flail of protection.
 27581 | Swamp:1  | 27581 ||| Stepping ~*~*~tactically~*~*~ (hiding).
 27583 | Swamp:1  | 27583 ||| INVOKING Heroism.
 27665 | Swamp:1  | 27665 ||| Stepping ~*~*~tactically~*~*~ (hiding).
 27709 | Swamp:1  | 27709 ||| INVOKING Heroism.
 27710 | Swamp:1  | 27710 ||| Stepping ~*~*~tactically~*~*~ (hiding).
 27711 | Swamp:1  | 27711 ||| Stepping ~*~*~tactically~*~*~ (hiding).
 27729 | Swamp:1  | HP: 23/104 [goliath frog (10)]
 27729 | Swamp:1  | Demolished by a tyrant leech

Levels and vault maps discovered:
D:1:      matt_arrival_refuge, layout_basic, serial_shops, shop,
          hellmonk_ecumenical_altar_zigzags
D:2:      minmay_diamond_boxcup, layout_rooms, grunt_ministairs_14,
          minmay_pentomino_s2
D:3:      layout_loops_ring, ebering_ghost_rock_garden,
          kennysheep_generic_room_12, uniq_robin, uniq_pargi
D:4:      layout_loops_corners, nicolae_overflow_hallway_of_the_gods,
          minmay_manual_mandibuliform
D:5:      nicolae_cairo_tiling_large, layout_loops_ring,
          minmay_temple_entry_overgrown, kennysheep_generic_room_15,
          uniq_duvessa
D:6:      layout_rooms, evilmike_ruin_ashenzari, uniq_maggie, uniq_edmund,
          uniq_eustachio
D:7:      layout_loops_ring, eat_drink_and_be_merry_uskayaw,
          lightli_temple_of_fire
D:8:      layout_loops_ring
D:9:      layout_long_grid, lemuel_tele_altar, lair_entry_dummy, billiards_dpeg
D:10:     layout_loops_ring
D:11:     layout_roguey, gauntlet_entry_generic, gammafunk_ghost_hydra_chop,
          minivault_22, roderic_serpentine_path, uniq_grum
D:12:     layout_rooms, uniq_maurice
D:13:     layout_roguey, grunt_vaults_entry_tiered
D:14:     layout_basic, serial_shops, shop, grunt_gozag_statues,
          tso_oasis_becter, uniq_josephine
D:15:     grunt_enter_depths_magical_seal, layout_gridville, skrybe_limestone_x,
          serial_shops, nicolae_shop_temple_entry_statues_fountains, shop, shop,
          nicolae_blasting_shop
Lair:1:   wad_woods_structure_01, layout_gridlike,
          nicolae_volcano_entry_lava_flow, uniq_nergalle
Lair:2:   layout_hall_layers, swamp_mist_pool, portal_ice_cave_entry_pillars_2,
          eino_house_with_fridge, uniq_gastronok
Lair:3:   layout_chaotic_city, guppyfry_snake_entry_island,
          small_statue_intersection, cheibrodos_lair_reptile_den,
          serial_bayou_shore_b
Lair:4:   layout_regular_city, minmay_shattered_shrine
Lair:5:   hellmonk_lair_end_abyssal_woods, layout_gridlike,
          nicolae_slime_entry_slimehenge, lemuel_old_faithful
Swamp:1:  layout_basic_swamp, nicolae_swamp_orc_logging_accident, uniq_frances
Orc:1:    layout_diamond_mine, biasface_ghost_orc_armoury, mines2_david,
          uniq_fannar
Orc:2:    st_orc_open, layout_caves, basic_altar, bh_open_orc_temple

Skill      XL: |  1  2  3  4  5  6  7  8  9 10 11 12 13 14 15 16 |
---------------+-------------------------------------------------+-----
Axes           | 2 3 5 6 7 8 9 10 11 12 15 16 17 | 17.0
Dodging        | 1 2 3 4 |  4.9
Fighting       | 4 5 6 7 8 10 11 12 13 | 13.0
Armour         | 4 5 7 8 10 11 | 11.0
Invocations    | 1 4 7 10 | 10.0
Throwing       | 3 6 7 |  7.0
Shields        | 4 6 12 13 | 13.0

Action                   |  1- 3 |  4- 6 |  7- 9 | 10-12 | 13-15 | 16-18 || total
-------------------------+-------+-------+-------+-------+-------+-------++-------
Melee: War axe           |    77 |   128 |   211 |   317 |   212 |       ||   945
       Flail             |       |       |       |       |    48 |       ||    48
       Broad axe         |       |       |       |       |   950 |   285 ||  1235
Throw: Javelin           |       |       |     8 |    29 |    17 |    22 ||    76
       Boomerang         |       |       |       |       |   197 |    22 ||   219
Invok: Heroism           |       |       |    14 |    22 |    41 |    14 ||    91
       Finesse           |       |       |       |       |     6 |     1 ||     7
  Use: Scroll            |     6 |     6 |     8 |     4 |    15 |     1 ||    40
       Potion            |       |     1 |     2 |     6 |     3 |       ||    12
 Stab: Distracted        |       |       |       |       |     1 |       ||     1
Armor: Scale mail        |    23 |    41 |       |       |       |       ||    64
       Leather armour    |       |    14 |     2 |       |       |       ||    16
       Plate armour      |       |       |    91 |   169 |   518 |    96 ||   874
Dodge: Dodged            |    27 |    58 |    83 |   103 |   331 |    78 ||   680
       Repelled          |       |       |       |       |     3 |     2 ||     5
Block: Buckler           |    11 |    24 |    45 |    65 |       |       ||   145
       Kite shield       |       |       |       |    34 |   770 |   203 ||  1007

Table legend:
 A = Non-vault XP
 B = Vault XP
 C = Vault XP percentage of total XP
 D = Non-vault monster count
 E = Vault monster count
 F = Vault count percentage of total count
                 A         B        C        D         E       F
            +---------+---------+-------+---------+---------+-------
      Total |   94846 |   50397 |  34.7 |     524 |     197 |  27.3
            +---------+---------+-------+---------+---------+-------
        D:1 |      20 |       0 |   0.0 |      10 |       0 |   0.0
        D:2 |      66 |      24 |  26.7 |      23 |      11 |  32.4
        D:3 |      23 |     166 |  87.8 |      13 |      10 |  43.5
        D:4 |     369 |       9 |   2.4 |      21 |       4 |  16.0
        D:5 |     851 |     212 |  19.9 |      20 |       2 |   9.1
        D:6 |    1254 |     745 |  37.3 |      23 |       3 |  11.5
        D:7 |     414 |       0 |   0.0 |      19 |       0 |   0.0
        D:8 |    1308 |       0 |   0.0 |      12 |       0 |   0.0
        D:9 |    2813 |     154 |   5.2 |      32 |       3 |   8.6
       D:10 |    2668 |       0 |   0.0 |      31 |       0 |   0.0
       D:11 |    5659 |     411 |   6.8 |      24 |       3 |  11.1
       D:12 |    4164 |     462 |  10.0 |       8 |       1 |  11.1
       D:13 |   10324 |    7103 |  40.8 |      27 |      25 |  48.1
       D:14 |   11178 |    1719 |  13.3 |      21 |       5 |  19.2
       D:15 |    6891 |    4205 |  37.9 |      11 |       9 |  45.0
     Lair:1 |    7324 |    1415 |  16.2 |      29 |       6 |  17.1
     Lair:2 |    6923 |    2320 |  25.1 |      24 |      13 |  35.1
     Lair:3 |    4247 |    1155 |  21.4 |      16 |       4 |  20.0
     Lair:4 |    4373 |    1385 |  24.1 |      10 |       4 |  28.6
     Lair:5 |   11531 |   12222 |  51.5 |      51 |      47 |  48.0
    Swamp:1 |    4120 |       0 |   0.0 |      11 |       0 |   0.0
      Orc:1 |    2540 |    2663 |  51.2 |      40 |      10 |  20.0
      Orc:2 |    5786 |   14027 |  70.8 |      48 |      37 |  43.5
            +---------+---------+-------+---------+---------+-------
